 Dungeon Crawl Stone Soup version 0.20.0-10-g0535bb4 (webtiles) character file.

210 kuniqs the Shield-Bearer (level 5, 0/28 HPs)
             Began as a Vine Stalker Fighter on June 6, 2017.
             Was an Initiate of Ru.
             Slain by a worker ant (2 damage)
             ... on level 4 of the Dungeon.
             The game lasted 00:03:13 (2167 turns).

kuniqs the Shield-Bearer (Vine Stalker Fighter)     Turns: 2167, Time: 00:03:14

Health: 0/28       AC:  6    Str: 20    XL:     5   Next: 88%
Magic:  0/6        EV:  8    Int:  8    God:    Ru [......]
Gold:   114        SH:  9    Dex: 13    Spells: 4/4 levels left

rFire    . . .     SeeInvis .   a - +0 rapier
rCold    . . .     Gourm    .   c - +0 shield
rNeg     . . .     Faith    .   b - +0 scale mail
rPois    .         Spirit   +   (no helmet)
rElec    .         Reflect  .   k - scarf {cloud immunity}
rCorr    .         Harm     .   (no gloves)
MR       .....                  (no boots)
Stlth    ..........             (no amulet)
Regen    0.5/turn               (no ring)
MPRegen  0.1/turn               (no ring)

@: lethally poisoned (0 -> -1)
A: fangs 2, regeneration 1, magic shield, antimagic bite, no potion heal 3, rot
immunity
a: Renounce Religion


You were on level 4 of the Dungeon.
You worshipped Ru.
Ru was noncommittal.
You were very hungry.

You visited 2 branches of the dungeon, and saw 5 of its levels.

You collected 114 gold pieces.

Inventory:

Hand Weapons
 a - a +0 rapier (weapon)
Armour
 b - a +0 scale mail (worn)
 c - a +0 shield (worn)
 k - a scarf of cloud immunity (worn)
Jewellery
 w - an uncursed ring of ice
Scrolls
 h - 2 scrolls of identify {unknown}
 i - a scroll of remove curse {unknown}
 j - 2 scrolls of noise {unknown}
 l - a scroll of recharging {unknown}
 m - a scroll of fog {unknown}
 n - a scroll of teleportation {unknown}
 o - a scroll of enchant weapon {unknown}
 t - 2 scrolls of amnesia {unknown}
 u - a scroll of blinking {unknown}
 x - a scroll of fear {unknown}
 y - a scroll of enchant armour {unknown}
Potions
 e - a potion of resistance {unknown}
 f - 2 potions of might
 p - 2 potions of heal wounds {unknown}
 q - a potion of curing {unknown}
 r - a potion of haste {unknown}
 s - 2 potions of mutation {unknown}
 v - 2 potions of cancellation {unknown}
Comestibles
 d - 3 bread rations


   Skills:
 + Level 3.3 Fighting
 + Level 3.1 Short Blades
 + Level 3.2 Armour
 + Level 1.4 Dodging
 + Level 3.5 Shields


You had 4 spell levels left.
You didn't know any spells.

Dungeon Overview and Level Annotations

Branches:
Dungeon (4/15)             Temple (1/1) D:4

Altars:
Dithmenos
Elyvilon
Fedhas
Kikubaaqudgha
Makhleb
Okawaru
Qazlal
Ru
Sif Muna
Trog
Uskayaw
Yredelemnul
Zin
The Shining One


Innate Abilities, Weirdness & Mutations

You have extremely sharp teeth.
Your natural rate of healing is unusually fast.
When hurt, damage is shared between your health and your magic reserves.
Your bite disrupts and absorbs the magic of your enemies.
Potions cannot restore your health.
You are immune to rotting.


Message History

* * * LOW HITPOINT WARNING * * *
You are too injured to fight recklessly!
You are too injured to fight recklessly!
You are too injured to fight recklessly!
You barely miss the worker ant. Your bite misses the worker ant.
The worker ant is almost dead.
You feel sick. You block the worker ant's attack.
The orc wizard falters for a moment.
You block the worker ant's attack.
You hit the worker ant but do no damage.
Your bite misses the worker ant.
The worker ant is severely wounded.
You feel sick.
The worker ant waves its antennae.
The worker ant barely misses you.
Your shield prevents you from hitting the worker ant.
The worker ant is severely wounded.
You feel sick. The worker ant bites you.
* * * LOW HITPOINT WARNING * * *
The worker ant bites you.
You die... #.# .. #.##.# .....# # ..#### .# .## .### .######## ### o... ......... ..# #oo

..####### #.###a#
..# #.#@# .##
#.###.#.# .#
##########........
.#
#.........?..#....
.# #.##########.#
## .#####.# .#
....##.# .#
###.##.# # #.##.#


You could see a worker ant, an orc priest, an orc wizard and an orc.

Vanquished Creatures
  Natasha (twice) (D:3)
  An orc wizard (D:3)
  6 adders
  2 worms
  4 leopard geckos
  5 orcs
  A ball python (D:3)
  2 bats
  4 giant cockroaches
  7 goblins
  10 hobgoblins
  2 jackals (D:2)
  11 kobolds
  2 quokkas (D:3)
  4 frilled lizards
  5 rats
68 creatures vanquished.

Notes
Turn   | Place    | Note
-------+----------+-------------------------------------------
     0 | D:1      | kuniqs the Vine Stalker Fighter began the quest for the Orb.
     0 | D:1      | Reached XP level 1. HP: 11/11 MP: 2/2
   206 | D:1      | Reached XP level 2. HP: 16/16 MP: 3/3
   590 | D:2      | Reached XP level 3. HP: 19/19 MP: 4/4
   920 | D:2      | Gained mutation: Your natural rate of healing is unusually fast. [Vine Stalker growth]
   920 | D:2      | Reached XP level 4. HP: 15/23 MP: 2/5
  1218 | D:3      | Reached skill level 1 in Dodging
  1270 | D:3      | Noticed Natasha
  1274 | D:3      | Killed Natasha
  1376 | D:3      | Noticed Natasha
  1377 | D:3      | Reached XP level 5. HP: 28/28 MP: 6/6
  1421 | D:3      | Killed Natasha
  1781 | D:4      | Found a staircase to the Ecumenical Temple.
  1822 | Temple   | Entered the Ecumenical Temple
  2019 | Temple   | Became a worshipper of Ru the Awakened
  2167 | D:4      | Slain by a worker ant

Skill      XL: |  1  2  3  4  5 |
---------------+----------------+-----
Short Blades   | 2 3 |  3.1
Shields        | 3 |  3.5
Fighting       | 3 |  3.3
Dodging        | 1 |  1.4
Armour         | 3 |  3.2

Action                   |  1- 3 |  4- 6 || total
-------------------------+-------+-------++-------
Melee: Rapier            |    97 |   127 ||   224
       Bite              |    22 |    36 ||    58
  Eat: Chunk             |       |     3 ||     3
Armor: Scale mail        |    32 |    38 ||    70
Dodge: Dodged            |    33 |    28 ||    61
Block: Shield            |    45 |    54 ||    99
